 Dungeon Crawl Stone Soup version 0.24.0-125-gc4c63601f3 (webtiles) character file.

Game seed: 335655258254022393, levelgen mode: deterministic

747 Johnny the Spear-Bearer (level 7, -4/53 HPs)
             Began as a Demigod Gladiator on Feb 17, 2020.
             Slain by Menkaure (19 damage)
             ... on level 5 of the Dungeon.
             The game lasted 00:04:24 (4897 turns).

Johnny the Spear-Bearer (Demigod Gladiator)         Turns: 4897, Time: 00:04:25

Health: -4/53      AC:  9    Str: 17    XL:     7   Next: 23%
Magic:  9/9        EV: 12    Int: 12    God:
Gold:   239        SH:  0    Dex: 17    Spells: 6/6 levels left

rFire    + . .     SeeInvis .   e - +0 halberd
rCold    . . .     Gourm    .   (shield currently unavailable)
rNeg     . . .     Faith    .   a - +2 ring mail {rF+}
rPois    +         Spirit   .   c - +0 helmet
rElec    .         Reflect  .   (no cloak)
rCorr    .         Harm     .   m - +0 pair of gloves
MR       .....                  (no boots)
Stlth    +.........             (no amulet)
HPRegen  0.17/turn              t - -4 ring of strength (curse)
MPRegen  0.11/turn              b - ring of poison resistance

@: no status effects
A: high mp 1
a: no special abilities


You were on level 5 of the Dungeon.
You were not hungry.

You visited 1 branch of the dungeon, and saw 5 of its levels.

You collected 239 gold pieces.

Inventory:

Hand Weapons
 e - a +0 halberd (weapon)
 q - a +0 halberd
Missiles
 d - 2 throwing nets (quivered)
Armour
 a - a +2 ring mail of fire resistance (worn)
 c - a +0 helmet (worn)
 m - a +0 pair of gloves (worn)
Jewellery
 b - a ring of poison resistance (right hand)
 g - an uncursed ring of resist corrosion
 t - a cursed -4 ring of strength (left hand)
Wands
 i - a wand of acid (4)
 l - a wand of polymorph (2)
 v - a wand of flame (25)
Scrolls
 k - a scroll of magic mapping
 p - 2 scrolls of amnesia
Potions
 h - 2 potions of flight
 j - 2 potions of cancellation
 n - a potion of curing
 o - a potion of invisibility {unknown}
 r - a potion of resistance {unknown}
 s - a potion of agility {unknown}
 u - a potion of berserk rage {unknown}
Comestibles
 f - 12 rations
 w - 2 chunks of flesh


   Skills:
 - Level 1.7 Fighting
 + Level 8.1 Polearms
 - Level 1.7 Throwing
 - Level 2.6 Dodging


You had 6 spell levels left.
You didn't know any spells.
Your spell library contained the following spells:

 Spells                   Type           Power        Failure   Level  Hunger
 Magic Dart               Conj           #...         52%         1    ##.....
 Searing Ray              Conj           #.....       67%         2    ###....
 Dazzling Spray           Conj/Hex       #.....       88%         3    ####...
 Force Lance              Conj/Tloc      #.......     99%         4    #####..
 Fulminant Prism          Conj/Hex       #.........   99%         4    #####..
 Iskenderun's Mystic Bla  Conj           #.......     99%         4    #####..


Dungeon Overview and Level Annotations

Branches:
Dungeon (5/15)
 Temple: D:4-7

Annotations:
D:5 2 transporters, Menkaure


Innate Abilities, Weirdness & Mutations

You have an increased reservoir of magic. (+10% MP)


Message History

Unknown command.
Evoke which item? (* to show all) (? for menu, Esc to quit)
That's the wrong kind of item! (Use * to select it.) Evoke which item? (* to show all) (? for menu, Esc to quit)
Aiming: Polymorph
Press: ? - help, Shift-Dir - straight line, f/p - orc
Aim: an orc, wielding a +0 club and wearing a +0 leather armour (heavily wounded, chance to defeat MR: 63%) Menkaure is unaffected.
Evoke which item? (* to show all) (? for menu, Esc to quit)
Aiming: Corrosive Bolt
Press: ? - help, Shift-Dir - straight line, f/p - orc
Aim: an orc, wielding a +0 club and wearing a +0 leather armour (heavily wounded)
The bolt of acid hits Menkaure!
Menkaure is splashed with acid!
The acid corrodes Menkaure!
Menkaure is severely damaged.
The bolt of acid hits the orc!
The orc is splashed with acid.
The acid corrodes the orc!
You kill the orc!
Menkaure hits you!!
You die...

#.#..# #.#..# #.#..## .
#.#... ..
#.#.#############...
...................
#...#.)..).$...#
#####..........########
.............)M@g....#
####..........######.#
..............
############.....
#...o... #####... ..!
##


You could see Menkaure and a hobgoblin.

Vanquished Creatures
  Sigmund (D:2)
  3 orc priests
  A hound (D:5)
  A bullfrog skeleton (D:4)
  Jessica (D:2)
  Ijyb (D:4)
  2 iguanas
  4 worker ants
  Robin (D:4)
  4 gnolls
  6 adders
  A shadow imp (D:2)
  3 oozes
  An adder skeleton (D:5)
  3 dart slugs (D:3)
  2 leopard geckos
  14 orcs
  12 bats
  6 giant cockroaches
  15 goblins
  10 hobgoblins
  5 jackals
  5 kobolds
  2 quokkas (D:3)
  4 frilled lizards
  A jackal skeleton (D:4)
  12 rats
121 creatures vanquished.

Vanquished Creatures (others)
  5 toadstools (D:3)
5 creatures vanquished.

Grand Total: 126 creatures vanquished

Notes
Turn   | Place    | Note
-------+----------+-------------------------------------------
     0 | D:1      | Johnny the Demigod Gladiator began the quest for the Orb.
     0 | D:1      | Reached XP level 1. HP: 17/17 MP: 3/3
    76 | D:1      | Reached skill level 3 in Polearms
   130 | D:1      | Reached XP level 2. HP: 23/24 MP: 4/4
   526 | D:1      | Reached XP level 3. HP: 29/29 MP: 5/5
   619 | D:1      | Reached skill level 4 in Polearms
   955 | D:2      | Noticed Jessica
   958 | D:2      | Killed Jessica
  1330 | D:2      | Noticed Sigmund
  1334 | D:2      | Reached XP level 4. HP: 36/36 MP: 6/6
  1643 | D:2      | Killed Sigmund
  1643 | D:2      | Reached skill level 6 in Polearms
  1643 | D:2      | Reached XP level 5. HP: 25/41 MP: 7/7
  2852 | D:3      | Reached XP level 6. HP: 34/48 MP: 8/8
  3821 | D:4      | Reached skill level 7 in Polearms
  4103 | D:4      | Noticed Robin
  4129 | D:4      | Killed Robin
  4291 | D:4      | Noticed Ijyb
  4315 | D:4      | Killed Ijyb
  4447 | D:4      | Reached XP level 7. HP: 46/53 MP: 9/9
  4721 | D:5      | Entered Level 5 of the Dungeon
  4721 | D:5      | Found a radiant altar of Vehumet.
  4721 | D:5      | Found a snail-covered altar of Cheibriados.
  4721 | D:5      | Found a transporter.
  4721 | D:5      | Noticed a centaur warrior
  4737 | D:5      | Found a transporter.
  4837 | D:5      | Reached skill level 8 in Polearms
  4883 | D:5      | Noticed Menkaure
  4897 | D:5      | Slain by Menkaure

Levels and vault maps discovered:
D:1:      dpeg_arrival_another_circle, layout_basic, minmay_pentomino_s4
D:2:      layout_basic, serial_co_window_serial, co_window_of_opportunity_a,
          co_window_paths_a, co_window_cross_1, co_window_paths_a,
          co_window_paths_a, co_window_broadway_c, co_window_of_opportunity_b,
          co_window_cross_2, glass_columns_c, uniq_sigmund, uniq_jessica
D:3:      layout_loops_corners, first_ration, hangedman_decor_clover_reticule,
          minmay_misc_feat_pillars, minmay_gold_behind_fungi,
          grunt_ministairs_7, st_stairs_9, hex_tiny
D:4:      minmay_skewed_foursquare, layout_cave_pods, uniq_robin, uniq_ijyb
D:5:      layout_basic, gammafunk_temple_overflow_arena, uniq_duvessa,
          uniq_menkaure, uniq_blork_the_orc, uniq_pikel

Skill      XL: |  1  2  3  4  5  6  7 |
---------------+----------------------+-----
Polearms       | 3 4 6 7 8 |  8.1
Fighting       | |  1.7
Throwing       | |  1.7
Dodging        | |  2.6

Action                   |  1- 3 |  4- 6 |  7- 9 || total
-------------------------+-------+-------+-------++-------
Melee: Trident           |   108 |   149 |       ||   257
       Halberd           |       |   139 |    35 ||   174
Throw: Throwing net      |       |     3 |       ||     3
Evoke: Wand              |       |     2 |     7 ||     9
  Use: Potion            |       |     4 |       ||     4
       Scroll            |       |     5 |       ||     5
 Stab: Sleeping          |     2 |       |       ||     2
       Distracted        |       |     1 |       ||     1
       Held in net/web   |       |     1 |       ||     1
  Eat: Chunk             |     1 |    11 |     1 ||    13
Armor: Leather armour    |    15 |       |       ||    15
       Chain mail        |    28 |    64 |       ||    92
       Ring mail         |       |    67 |    16 ||    83
Dodge: Dodged            |    68 |   151 |    29 ||   248
